AoeStats
← [KMNB] Dedão

African Clearing

510617688Analyzed
4v4 RM · 2d ago on Oct 1, 2026· 43m 1s· 8 players
Game mode
Random Map
Map size
Large (8 player)
Population
200
Speed
Normal
Resources
Standard
Victory
Conquest
Starting age
Dark Age
Ending age
Imperial Age
RankedLock teamsTeams togetherTeam positionsShared explorationLock speedFull tech treeHidden civsTurbo modeCheats
Victory
Defeat
🇧🇷 Mongols · Brazil
1479
+11
🇧🇷 Celts · Brazil
1246
+20
🇧🇷 Vietnamese · Brazil
1184
+22
🇧🇷 Ethiopians · Brazil
1183
+22
🇨🇳 Khmer · China
1369
-20
🇮🇳 Vietnamese · India
1361
-20
🇹🇷 Italians · Türkiye
1318
-18
🇧🇬 Inca · Bulgaria
1300
-17
mog
6:18 Loom
15:32 Feudal Age
19:20 Castle Age
19:08 Horse Collar
19:14 Double-Bit Axe
20:07 Wheelbarrow
19:38 Elite Skirmisher
20:46 Fletching
26:04 Bodkin Arrow
26:49 Padded Archer Armor
27:49 Ballistics
32:12 Crossbowman
34:44 Thumb Ring
36:40 Town Watch
42:06 Imperial Age
39:30 Gold Mining
39:53 Bow Saw
41:55 Leather Archer Armor
RifRaf
9:46 Loom
13:46 Feudal Age
18:14 Castle Age
16:19 Double-Bit Axe
18:33 Padded Archer Armor
27:27 Fletching
30:22 Ballistics
31:25 Horse Collar
34:51 Bodkin Arrow
36:00 Squires
37:22 Wheelbarrow
37:48 Thumb Ring
38:42 Crossbowman
38:45 Elite Skirmisher
40:41 Leather Archer Armor
41:02 Bow Saw
42:03 Man-at-Arms
42:29 Arson
Cheetah
10:19 Loom
17:32 Feudal Age
18:23 Double-Bit Axe
21:26 Wheelbarrow
21:21 Town Watch
25:38 Gold Mining
26:13 Horse Collar
31:37 Castle Age
30:38 Bloodlines
30:21 Fletching
32:13 Bodkin Arrow
32:56 Thumb Ring
34:30 Padded Archer Armor
34:45 Bow Saw
34:37 Heavy Plow
36:32 Husbandry
37:23 Hand Cart
SlyFever
15:41 Feudal Age
19:51 Castle Age
18:06 Double-Bit Axe
19:03 Loom
20:49 Bow Saw
20:20 Horse Collar
21:03 Heavy Plow
30:58 Bloodlines
30:49 Husbandry
32:04 Wheelbarrow
31:15 Town Watch
31:55 Scale Barding Armor
32:04 Forging
34:54 Chain Barding Armor
35:00 Forging
35:11 Husbandry
37:02 Iron Casting
37:36 Gold Mining
39:23 Fletching
41:23 Gold Shaft Mining
41:27 Hand Cart
44:56 Imperial Age
41:52 Light Cavalry
42:47 Bodkin Arrow
42:52 Padded Archer Armor
Soldado Raso
3:43 Loom
12:34 Feudal Age
13:07 Double-Bit Axe
14:53 Fletching
24:10 Castle Age
21:58 Horse Collar
24:11 Padded Archer Armor
24:30 Crossbowman
25:10 Bodkin Arrow
25:51 Bow Saw
25:43 Heavy Plow
25:47 Gold Mining
27:23 Ballistics
33:14 Stone Mining
34:18 Wheelbarrow
34:59 Hand Cart
35:22 Leather Archer Armor
41:53 Imperial Age
41:00 Bloodlines
40:51 Husbandry
41:38 Forging
41:34 Scale Barding Armor
41:58 Town Watch
41:58 Arbalester
Nbzinho
4:53 Loom
14:16 Feudal Age
14:52 Double-Bit Axe
18:19 Wheelbarrow
18:15 Fletching
27:37 Castle Age
28:06 Padded Archer Armor
28:41 Bodkin Arrow
28:16 Crossbowman
29:03 Thumb Ring
29:41 Leather Archer Armor
31:40 Gold Mining
34:26 Hand Cart
[KMNB] RAGNAR
6:41 Loom
12:05 Feudal Age
14:29 Man-at-Arms
19:21 Fletching
19:46 Forging
20:21 Scale Mail Armor
20:32 Arson
24:54 Castle Age
23:11 Double-Bit Axe
25:12 Long Swordsman
25:40 Horse Collar
28:06 Iron Casting
27:47 Chain Mail Armor
28:31 Gambesons
31:44 Wheelbarrow
34:56 Bow Saw
34:55 Pikeman
37:30 Hand Cart
40:39 Heavy Plow
40:44 Gold Mining
40:45 Stone Mining
45:13 Imperial Age
[KMNB] Dedão
10:35 Loom
12:55 Feudal Age
14:54 Double-Bit Axe
15:04 Gold Mining
17:34 Castle Age
15:53 Stone Mining
16:43 Fletching
18:26 Bodkin Arrow
22:28 Horse Collar
24:05 Bow Saw
24:36 Heavy Plow
25:56 Wheelbarrow
27:37 Town Watch
31:09 Hand Cart
31:47 Gold Shaft Mining
31:48 Stone Shaft Mining
32:03 Ballistics
31:58 Bloodlines
31:49 Husbandry
35:23 Imperial Age
33:23 Padded Archer Armor
33:43 Light Cavalry
35:52 Leather Archer Armor
35:27 Elite Mangudai
36:28 Conscription
37:21 Chemistry
36:58 Drill
36:45 Bracer
36:56 Forging
36:54 Scale Barding Armor
37:54 Parthian Tactics
37:38 Thumb Ring
37:07 Capped Ram
38:17 Siege Ram
40:05 Chain Barding Armor
40:21 Iron Casting
39:13 Hussar
40:13 Town Patrol
43:53 Blast Furnace
Connection lost

Rejoining the realm…

Still unreachable

The connection could not be restored.

Session expired

The server has moved on; the page needs a fresh start.